[Event "Titled Tuesday Blitz November 08 Late 2022"]
[White "Kunin, Vitaly"]
[Black "Indjic, Aleksandar"]
[WhiteFideId "4128737"]
[BlackFideId "911925"]
[WhiteElo "2417"]
[BlackElo "2592"]
[Result "0-1"]
[Round "03"]
[TimeControl "180+1"]
[Date "2022.11.08"]
[WhiteClock "0:00:15"]
[BlackClock "0:01:05"]

1. d4 Nf6 2. Nf3 e6 3. c4 c5 4. e3 d5 5. Nc3 a6 6. a3 dxc4 7. Bxc4 b5 8. Be2 Bb7 9. dxc5 Qxd1+ 10. Bxd1 Bxc5 11. b4 Bd6 12. Bb2 Nbd7 13. Rc1 Ke7 14. Bb3 g5 15. h3 Rhg8 16. Ke2 h5 17. Rhd1 g4 18. hxg4 hxg4 19. Ne1 Be5 20. Rd2 Rh8 21. Nd1 Bxb2 22. Nxb2 Rac8 23. Rxc8 Bxc8 24. f3 Rh2 25. Kf2 gxf3 26. Kg1 Ne4 27. Rc2 f2+ 28. Rxf2 Nxf2 29. Kxh2 Ng4+ 30. Kg3 Nxe3 31. Kf4 Nf5 32. g4 Nd4 33. Bd1 Bb7 34. g5 e5+ 35. Kg4 Nf8 36. Nbd3 Ng6 37. Nc5 Bc8+ 38. Kg3 Ne6 39. Bg4 Nxc5 40. Bxc8 Ne4+ 41. Kg4 Nd6 42. Bxa6 Kd7 43. Nd3 Kc6 44. Nc5 Kb6 45. a4 bxa4 46. Bd3 a3 47. Na4+ Kc6 48. Nc3 e4 49. Nxe4 Ne5+ 50. Kh5 Nxd3 51. b5+ Nxb5 52. g6 fxg6+ 53. Kxg6 a2 54. Nc3 Nxc3 55. Kh7 a1=Q 56. Kg8 Qa7 0-1


[Site "https://www.chess.com"]

[Event "Titled Tuesday Blitz November 08 Late 2022"]
[White "Kuzmicz, Krystian"]
[Black "Terry, Renato"]
[WhiteFideId "1119125"]
[BlackFideId "3803457"]
[WhiteElo "2380"]
[BlackElo "2577"]
[Result "0-1"]
[Round "03"]
[TimeControl "180+1"]
[Date "2022.11.08"]
[WhiteClock "0:00:04"]
[BlackClock "0:00:24"]

1. e4 e6 2. d3 d5 3. Nd2 Nf6 4. g3 dxe4 5. dxe4 Bc5 6. Bg2 e5 7. Ngf3 O-O 8. O-O Nc6 9. c3 a5 10. Qc2 b6 11. Nb3 Bd6 12. h3 a4 13. Nbd2 Bc5 14. Re1 Be6 15. Nf1 Qe7 16. Bg5 h6 17. Bxf6 Qxf6 18. Ne3 Bxe3 19. Rxe3 Rfd8 20. Rd3 a3 21. b3 Rxd3 22. Qxd3 Rd8 23. Qb5 Rd6 24. Qa4 Bxh3 25. Qxa3 Bxg2 26. Kxg2 Rd3 27. Ne1 Rd2 28. Nf3 Rd3 29. Ne1 Rxc3 30. Rd1 Nd4 31. Qa6 Qg6 32. Qb7 Rc6 33. f3 Rc3 34. Rd3 Rc1 35. Re3 Rd1 36. Qc8+ Kh7 37. g4 Qg5 0-1


[Site "https://www.chess.com"]

[Event "Titled Tuesday Blitz November 08 Late 2022"]
[White "Leitao, Rafael"]
[Black "Tymrakiewicz, Rafal"]
[WhiteFideId "2101246"]
[BlackFideId "1108832"]
[WhiteElo "2689"]
[BlackElo "2479"]
[Result "1-0"]
[Round "03"]
[TimeControl "180+1"]
[Date "2022.11.09"]
[WhiteClock "0:01:08"]
[BlackClock "0:00:06"]

1. c4 g6 2. g3 Bg7 3. Bg2 Nf6 4. Nc3 O-O 5. Nf3 d6 6. d4 Nc6 7. O-O Bg4 8. h3 Bxf3 9. Bxf3 Nd7 10. e3 e5 11. d5 Ne7 12. e4 f5 13. Bd2 f4 14. Kg2 Bh6 15. Rc1 Nf6 16. b4 g5 17. c5 Rf7 18. cxd6 cxd6 19. Bg4 Nxg4 20. Qxg4 Ng6 21. Nb5 a6 22. Na3 Qb6 23. Nc4 Qd4 24. Nxd6 Qxd2 25. Nxf7 Bg7 26. Nxg5 Re8 27. Rc8 Rxc8 28. Qe6+ Kh8 29. Nf7+ Kg8 30. Nh6+ Kh8 31. Qg8+ Rxg8 32. Nf7# 1-0


[Site "https://www.chess.com"]

[Event "Titled Tuesday Blitz November 08 Late 2022"]
[White "Leiva, Gianmarco"]
[Black "Jimenez Almeida, Luis David"]
[WhiteFideId "3804399"]
[BlackFideId "22242244"]
[WhiteElo "2703"]
[BlackElo "2486"]
[Result "1-0"]
[Round "03"]
[TimeControl "180+1"]
[Date "2022.11.09"]
[WhiteClock "0:02:07"]
[BlackClock "0:01:48"]

1. e4 c5 2. Nf3 Nc6 3. Bb5 g6 4. O-O Bg7 5. Re1 Nf6 6. d3 O-O 7. Nbd2 Nd4 8. Nxd4 cxd4 9. Nf3 Ne8 10. Bc4 d6 11. h3 Nc7 12. Bb3 b5 13. Bd2 a5 14. c3 a4 15. Bc2 a3 16. cxd4 axb2 17. Rb1 Ne6 18. Be3 Rxa2 19. Bb3 Ra3 20. Rxb2 Qb6 21. Bc4 b4 22. Qb1 Nxd4 23. Nxd4 Bxd4 24. Rxb4 1-0


[Site "https://www.chess.com"]

[Event "Titled Tuesday Blitz November 08 Late 2022"]
[White "Lopez Perdomo, Juan David"]
[Black "Alexikov, Alexander"]
[WhiteFideId "4405137"]
[BlackFideId "14103958"]
[WhiteElo "1965"]
[BlackElo "2222"]
[Result "0-1"]
[Round "03"]
[TimeControl "180+1"]
[Date "2022.11.09"]
[WhiteClock "0:00:01"]
[BlackClock "0:00:06"]

1. e4 c5 2. d4 cxd4 3. c3 Nf6 4. e5 Nd5 5. Nf3 d6 6. exd6 Qxd6 7. cxd4 Nc6 8. Be2 Bf5 9. Nc3 e6 10. O-O Be7 11. Bg5 Rd8 12. Bh4 O-O 13. Bg3 Qd7 14. Bb5 f6 15. Qa4 Nb6 16. Qd1 a6 17. Bxc6 Qxc6 18. Qb3 Nd5 19. Rac1 Qd7 20. Nxd5 Qxd5 21. Qxd5 Rxd5 22. Rc7 Bd6 23. Rxb7 Bxg3 24. hxg3 Be4 25. Rc1 Rd6 26. Ra7 g5 27. Rcc7 Bg6 28. Rc5 Rfd8 29. Ra5 g4 30. Ne1 Rxd4 31. Kh2 Rd1 32. Nf3 gxf3 33. gxf3 R1d2 34. Kg2 Rxb2 35. R5xa6 Rdd2 36. Ra8+ Kg7 0-1


[Site "https://www.chess.com"]

[Event "Titled Tuesday Blitz November 08 Late 2022"]
[White "Luxama, Jacques Muller"]
[Black "Arbunic Castro, Giovanna"]
[WhiteFideId "11900113"]
[BlackFideId "3400549"]
[WhiteElo "1931"]
[BlackElo "1877"]
[Result "1-0"]
[Round "03"]
[TimeControl "180+1"]
[Date "2022.11.09"]
[WhiteClock "0:01:39"]
[BlackClock "0:00:03"]

1. e4 g6 2. d4 Bg7 3. h4 h5 4. Nf3 c5 5. d5 d6 6. Nc3 Nf6 7. Ng5 e6 8. dxe6 Bxe6 9. Nxe6 fxe6 10. Nb5 Nxe4 11. Bd3 Qa5+ 12. Kf1 Nc6 13. Bxe4 Qxb5+ 14. Bd3 c4 15. Bxg6+ Kd7 16. Bf4 d5 17. c3 b6 18. Qe2 Raf8 19. Bg3 Rf6 20. Bxh5 Rxh5 21. Qxh5 Qxb2 22. Re1 Qxc3 23. Qh7 Qd3+ 24. Qxd3 cxd3 25. Rd1 Nb4 26. a3 Rg6 27. axb4 1-0


[Site "https://www.chess.com"]

[Event "Titled Tuesday Blitz November 08 Late 2022"]
[White "Machidon, Cristi"]
[Black "Jobava, Baadur"]
[WhiteFideId "13904590"]
[BlackFideId "13601520"]
[WhiteElo "2639"]
[BlackElo "3052"]
[Result "0-1"]
[Round "03"]
[TimeControl "180+1"]
[Date "2022.11.09"]
[WhiteClock "0:00:08"]
[BlackClock "0:00:49"]

1. d4 d5 2. c4 dxc4 3. e4 e5 4. Nf3 Bb4+ 5. Bd2 Bxd2+ 6. Nbxd2 exd4 7. Bxc4 Nc6 8. O-O Nge7 9. h3 O-O 10. Nb3 Ng6 11. Nbxd4 Qf6 12. Nxc6 bxc6 13. Qd4 Qf4 14. Qe3 Qxe3 15. fxe3 h6 16. Rad1 a5 17. Rd2 a4 18. a3 Rb8 19. Nd4 Ne5 20. Ba2 c5 21. Nf3 Nxf3+ 22. gxf3 Bxh3 23. Rc1 Rfd8 24. Rxd8+ Rxd8 25. Bd5 Rb8 26. Kh2 Be6 27. Rxc5 Rxb2+ 28. Kg3 Re2 29. Bxe6 fxe6 30. Rc4 Rxe3 31. Rxa4 Rc3 32. Kf4 Kf7 33. Ra6 Rc5 34. a4 h5 35. a5 g5+ 36. Kg3 Kf6 37. Ra8 Rc3 38. Kf2 Ra3 39. Ra7 c5 40. a6 g4 41. fxg4 hxg4 42. Rc7 Ke5 43. Rxc5+ Kf4 44. Rc6 g3+ 45. Kg1 Ra1+ 46. Kg2 Ra2+ 47. Kg1 e5 48. Rf6+ Kxe4 49. Kf1 Ke3 50. Rg6 Kf4 51. Kg1 e4 0-1


[Site "https://www.chess.com"]

[Event "Titled Tuesday Blitz November 08 Late 2022"]
[White "Maksimovic, Bojan"]
[Black "Kavutskiy, Konstantin"]
[WhiteFideId "14408120"]
[BlackFideId "2026384"]
[WhiteElo "2447"]
[BlackElo "2338"]
[Result "1-0"]
[Round "03"]
[TimeControl "180+1"]
[Date "2022.11.08"]
[WhiteClock "0:01:37"]
[BlackClock "0:00:15"]

1. e4 c5 2. Nf3 Nc6 3. d4 cxd4 4. Nxd4 Nf6 5. Nc3 e5 6. Ndb5 d6 7. Nd5 Nxd5 8. exd5 Ne7 9. a4 Ng6 10. Be2 Be7 11. O-O O-O 12. a5 f5 13. b4 Kh8 14. Be3 f4 15. Bxa7 e4 16. Bb6 Qd7 17. f3 e3 18. Nc7 Rb8 19. Ne6 Rf5 20. c4 Rh5 21. Bd3 Bg5 22. Bf5 Qf7 23. Bg4 Rh4 24. Nxg5 Qe7 25. Ne6 Ne5 26. Nxf4 Bxg4 27. fxg4 Nxg4 28. h3 Nf2 29. Qf3 Rf8 30. Bxe3 Nd3 31. Ng6+ hxg6 32. Qxf8+ Qxf8 33. Rxf8+ 1-0


[Site "https://www.chess.com"]

[Event "Titled Tuesday Blitz November 08 Late 2022"]
[White "Maltsevskaya, Aleksandra"]
[Black "Girsh, Daniel"]
[WhiteFideId "24174041"]
[BlackFideId "30949190"]
[WhiteElo "2617"]
[BlackElo "2438"]
[Result "0-1"]
[Round "03"]
[TimeControl "180+1"]
[Date "2022.11.09"]
[WhiteClock "0:00:51"]
[BlackClock "0:00:16"]

1. e4 c5 2. Nf3 d6 3. d4 cxd4 4. Nxd4 Nf6 5. Nc3 a6 6. g3 e5 7. Bg2 exd4 8. Qxd4 Nc6 9. Qd1 Be7 10. O-O O-O 11. h3 Be6 12. Be3 Rc8 13. Qe2 b5 14. Rfd1 Qc7 15. Nd5 Bxd5 16. exd5 Ne5 17. c3 Rfe8 18. a4 Nc4 19. axb5 axb5 20. Qf3 Nxe3 21. Qxe3 Ra8 22. Rac1 h6 23. Qd3 Qc4 24. Qd2 Ne4 25. Qc2 Nf6 26. Rd4 Qc5 27. h4 Bd8 28. g4 Nd7 29. g5 hxg5 30. hxg5 Bxg5 31. Rf1 Bf6 32. Rd3 Qc4 33. Rh3 g6 34. Qd2 Bg7 35. Qg5 Re5 36. Qg3 Rae8 37. Rh2 Re1 38. Qh3 Rxf1+ 39. Bxf1 Re1 40. b3 Qe2 41. Qh7+ Kf8 42. Qh3 f5 43. f3 Qe3+ 44. Rf2 Qxc3 45. Qh7 Ne5 46. Qh4 Nxf3+ 47. Rxf3 Qxf3 48. Qxe1 Bd4+ 49. Kh2 Bf2 0-1


[Site "https://www.chess.com"]

[Event "Titled Tuesday Blitz November 08 Late 2022"]
[White "Manelyuk, Daniil"]
[Black "Kosakowski, Jakub"]
[WhiteFideId "44173920"]
[BlackFideId "1185080"]
[WhiteElo "2514"]
[BlackElo "2836"]
[Result "1-0"]
[Round "03"]
[TimeControl "180+1"]
[Date "2022.11.09"]
[WhiteClock "0:01:33"]
[BlackClock "0:00:12"]

1. e4 c5 2. Nf3 d6 3. d4 cxd4 4. Nxd4 Nf6 5. Nc3 a6 6. Be3 e5 7. Nb3 Be6 8. f3 Be7 9. Qd2 O-O 10. O-O-O Nbd7 11. g4 b5 12. g5 b4 13. Ne2 Ne8 14. f4 a5 15. f5 a4 16. Nbd4 exd4 17. Nxd4 b3 18. Kb1 bxc2+ 19. Nxc2 Bb3 20. axb3 axb3 21. Na3 Ne5 22. h4 Ra4 23. Qc3 Qa8 24. Rd4 Nc7 25. Rxa4 Qxa4 26. Qd4 Qa5 27. Be2 f6 28. Rc1 d5 29. Bd2 Qa8 30. Rxc7 Bxa3 31. bxa3 Qxa3 32. Ra7 Qd6 33. Bb4 Qc6 34. Qxd5+ Qxd5 35. exd5 1-0


[Site "https://www.chess.com"]

[Event "Titled Tuesday Blitz November 08 Late 2022"]
[White "Marcolino, Daniel Mattos"]
[Black "Bernat, David"]
[WhiteFideId "2106841"]
[BlackFideId "2099225"]
[WhiteElo "2096"]
[BlackElo "2336"]
[Result "0-1"]
[Round "03"]
[TimeControl "180+1"]
[Date "2022.11.09"]
[WhiteClock "0:01:58"]
[BlackClock "0:01:59"]

1. d4 Nf6 2. Nf3 d5 3. g3 c5 4. Bg2 Nc6 5. O-O cxd4 6. Nxd4 g6 7. c4 Bg7 8. cxd5 Nxd5 9. Nxc6 bxc6 10. a3 O-O 11. Qc2 Qb6 12. e4 Nc7 13. Be3 Qxb2 14. Qxb2 Bxb2 15. Ra2 Bg7 16. Rc2 Ba6 17. Rfc1 Bb5 18. Nd2 Ne6 19. Nb3 Ba4 20. Rb1 Rab8 0-1


[Site "https://www.chess.com"]

[Event "Titled Tuesday Blitz November 08 Late 2022"]
[White "Mardov, Dimitar"]
[Black "Winterberg, Lukas"]
[WhiteFideId "30919495"]
[BlackFideId "24622702"]
[WhiteElo "2738"]
[BlackElo "2495"]
[Result "1-0"]
[Round "03"]
[TimeControl "180+1"]
[Date "2022.11.09"]
[WhiteClock "0:00:25"]
[BlackClock "0:00:06"]

1. e4 e6 2. d4 d5 3. Nc3 Nf6 4. e5 Nfd7 5. f4 c5 6. Nf3 Nc6 7. Be3 a6 8. Qd2 b5 9. dxc5 Bxc5 10. Ne2 Qb6 11. Ned4 O-O 12. Be2 b4 13. O-O a5 14. c3 Ba6 15. Bxa6 Rxa6 16. Kh1 bxc3 17. bxc3 Rb8 18. Bg1 Bxd4 19. Nxd4 Nxd4 20. Bxd4 Qb2 21. Qd3 Raa8 22. f5 Nf8 23. f6 gxf6 24. exf6 Ng6 25. Rae1 Qa3 26. Qd2 Ra6 27. Qg5 Qf8 28. h4 h6 29. Qg4 Kh7 30. h5 Nh8 31. Qg7+ Qxg7 32. fxg7 1-0


[Site "https://www.chess.com"]

[Event "Titled Tuesday Blitz November 08 Late 2022"]
[White "Martic, Ivan"]
[Black "Therrien, Alex L"]
[WhiteFideId "929301"]
[BlackFideId "412856"]
[WhiteElo "2355"]
[BlackElo "2214"]
[Result "0-1"]
[Round "03"]
[TimeControl "180+1"]
[Date "2022.11.09"]
[WhiteClock "0:01:45"]
[BlackClock "0:00:05"]

1. e4 c6 2. d3 d5 3. Nd2 e5 4. Ngf3 Bd6 5. g3 Nf6 6. Bg2 O-O 7. O-O Re8 8. Re1 a5 9. c3 a4 10. Qc2 h6 11. Nf1 Nbd7 12. Nh4 Nc5 13. Ne3 Bf8 14. Nef5 dxe4 15. dxe4 Qd3 16. Qe2 Qxe2 17. Rxe2 Be6 18. Be3 Ncxe4 19. Bb6 Nd6 20. Nxd6 Bxd6 21. Rd1 Nd5 22. Be3 Rad8 23. Bc1 Bc7 24. Rde1 Nf6 25. Nf3 Bxa2 26. Nxe5 Rxe5 27. Rxe5 Bxe5 28. Rxe5 Rd1+ 29. Bf1 Bc4 0-1


[Site "https://www.chess.com"]

[Event "Titled Tuesday Blitz November 08 Late 2022"]
[White "Martinez Reyes, Pedro Ramon"]
[Black "Yang, Kevin"]
[WhiteFideId "3901807"]
[BlackFideId "30908485"]
[WhiteElo "2692"]
[BlackElo "2481"]
[Result "1/2-1/2"]
[Round "03"]
[TimeControl "180+1"]
[Date "2022.11.09"]
[WhiteClock "0:01:16"]
[BlackClock "0:00:03"]

1. Nf3 Nf6 2. g3 e6 3. Bg2 Be7 4. O-O O-O 5. d4 c5 6. c4 cxd4 7. Nxd4 Nc6 8. Nc3 Qc7 9. Ndb5 Qb8 10. Bf4 e5 11. Bg5 a6 12. Bxf6 Bxf6 13. Nd6 Nd4 14. Nde4 Bd8 15. e3 Ne6 16. Nd5 d6 17. Nxd6 Ra7 18. Rc1 b6 19. Nxc8 Qxc8 20. Qh5 f5 21. Bh3 Ng5 22. Bg2 g6 23. Qe2 Ne6 24. Rfd1 Kg7 25. b4 a5 26. Qb2 Qb8 27. a3 Bf6 28. Nxf6 Rxf6 29. Rd5 axb4 30. axb4 Ng5 31. h4 Nf7 32. Rcd1 Re7 33. Rd7 Qe8 34. Rxe7 Qxe7 35. Bd5 Rd6 36. Rd2 Nh6 37. Bf3 Rxd2 38. Qxd2 e4 39. Qc3+ Qf6 40. Qxf6+ Kxf6 41. Be2 Ke5 42. Kf1 Nf7 43. Ke1 Nd8 44. Kd2 Nc6 45. Kc3 h6 46. Bd1 g5 47. hxg5 hxg5 48. Ba4 Ne7 49. Bd1 f4 50. gxf4+ gxf4 51. Bg4 fxe3 52. fxe3 Ng6 53. Bd7 Nh4 54. Bh3 Nf3 55. c5 bxc5 56. b5 Kd6 57. Bf5 Ng5 58. Kc4 Nf7 59. Bxe4 Ne5+ 60. Kc3 Kc7 61. Bd3 Kb6 62. Bc4 Nd7 63. e4 Ne5 64. Be2 Ka5 65. Bf1 Kb6 66. Kb3 Ka5 67. Bc4 Kb6 68. Bf1 Ka5 69. Be2 Kb6 70. Ka4 Nd7 71. Kb3 Ne5 72. Kc3 Ka5 73. Kd2 c4 74. Kc3 Kxb5 75. Kd4 Nc6+ 76. Kd5 Nb4+ 77. Kd4 Nc6+ 78. Kd5 Nb4+ 79. Kd6 Nd3 80. Kd5 Nf4+ 81. Kd4 Nxe2+ 82. Ke3 Ng3 83. e5 Nf5+ 84. Kf4 Ne7 85. Ke4 Kc5 86. Ke3 Kd5 87. e6 Kxe6 88. Kd4 Kd6 89. Kxc4 1/2-1/2


[Site "https://www.chess.com"]

[Event "Titled Tuesday Blitz November 08 Late 2022"]
[White "Melkumyan, Hrant"]
[Black "Ambartsumova, Karina"]
[WhiteFideId "13302485"]
[BlackFideId "4166299"]
[WhiteElo "2957"]
[BlackElo "2594"]
[Result "1-0"]
[Round "03"]
[TimeControl "180+1"]
[Date "2022.11.09"]
[WhiteClock "0:01:12"]
[BlackClock "0:00:12"]

1. e4 e5 2. Nf3 Nc6 3. Bb5 Nf6 4. O-O Nxe4 5. d4 Nd6 6. Bxc6 dxc6 7. dxe5 Nf5 8. Qxd8+ Kxd8 9. h3 Be7 10. g4 Nh4 11. Nxh4 Bxh4 12. Kg2 Be6 13. Nc3 Ke7 14. Be3 b6 15. Ne2 Rad8 16. Nf4 Bc4 17. Rfe1 Bd5+ 18. Nxd5+ cxd5 19. c3 h5 20. a4 a5 21. Red1 Ke6 22. f4 hxg4 23. hxg4 Be7 24. Bf2 g6 25. Bg3 c6 26. Rf1 f5 27. exf6 Bxf6 28. Rae1+ Kf7 29. f5 gxf5 30. Rxf5 Rhg8 31. Ref1 Rg6 32. g5 Rxg5 33. Rxg5 1-0


[Site "https://www.chess.com"]

[Event "Titled Tuesday Blitz November 08 Late 2022"]
[White "Mendez Fortes, Eduardo Jesus"]
[Black "Pakleza, Zbigniew"]
[WhiteFideId "3502376"]
[BlackFideId "1119290"]
[WhiteElo "2556"]
[BlackElo "2775"]
[Result "0-1"]
[Round "03"]
[TimeControl "180+1"]
[Date "2022.11.09"]
[WhiteClock "0:00:35"]
[BlackClock "0:00:21"]

1. e4 d6 2. d4 Nf6 3. Nc3 c6 4. f4 Qb6 5. Nf3 Bg4 6. Be2 Bxf3 7. Bxf3 e5 8. dxe5 dxe5 9. fxe5 Nfd7 10. e6 fxe6 11. Qd3 Ne5 12. Qe3 Bc5 13. Bh5+ g6 14. Qf4 Nbd7 15. Be2 Rf8 16. Qg5 Bf2+ 17. Kd1 Rd8 18. Bd2 Qd4 19. Kc1 Nc5 20. Rd1 Nxe4 21. Nxe4 Qxe4 22. Bf1 Rf5 23. Qh6 Rxd2 24. Kxd2 Ng4 25. Bd3 Qb4+ 26. Kc1 Nxh6 27. Bxf5 Nxf5 28. a3 Qg4 29. Rd3 e5 30. Kb1 e4 31. Rb3 e3 32. Ka2 e2 33. Rb4 Qxb4 34. axb4 e1=Q 35. Rxe1+ Bxe1 36. Kb3 Bf2 37. c3 Kd7 38. Kc4 b5+ 39. Kd3 Ke6 40. Ke4 Bb6 41. b3 Bc7 42. h3 Be5 43. c4 Nd6+ 44. Kd3 bxc4+ 45. bxc4 h5 46. c5 Nb5 47. Ke4 g5 48. g4 h4 49. Kd3 Kd5 50. Kc2 Kc4 51. Kb1 Kxb4 52. Ka2 Kxc5 53. Kb3 Kd5 54. Ka4 Ke4 55. Ka5 Kf3 56. Ka4 Nd4 57. Ka5 Ne2 58. Ka6 Nf4 59. Kb7 Nxh3 60. Ka8 Nf2 61. Kb7 Kxg4 62. Ka8 Bf4 63. Kb7 Bc1 64. Ka8 c5 65. Kb7 c4 66. Ka8 c3 67. Kb7 h3 68. Ka8 h2 69. Kb7 h1=Q+ 70. Ka6 Bd2 71. Ka5 c2+ 72. Ka6 Qa1+ 73. Kb7 c1=Q 74. Ka8 Qc8# 0-1


[Site "https://www.chess.com"]

[Event "Titled Tuesday Blitz November 08 Late 2022"]
[White "Mendonca, Mateus Nakajo"]
[Black "Melikhov, Evgeny V."]
[WhiteFideId "2110954"]
[BlackFideId "4122046"]
[WhiteElo "2622"]
[BlackElo "2443"]
[Result "1-0"]
[Round "03"]
[TimeControl "180+1"]
[Date "2022.11.09"]
[WhiteClock "0:00:51"]
[BlackClock "0:00:07"]

1. Nf3 f5 2. g3 Nf6 3. Bg2 g6 4. O-O Bg7 5. c4 O-O 6. Nc3 d6 7. d4 Qe8 8. Nd5 Na6 9. Nxf6+ Bxf6 10. Bh6 Bg7 11. Qd2 c6 12. Rac1 e5 13. Bxg7 Kxg7 14. dxe5 dxe5 15. Qc3 Nc5 16. Nxe5 Na4 17. Qd4 c5 18. Qe3 Rb8 19. b3 Nb6 20. Qxc5 Be6 21. Rfd1 Kg8 22. a4 Rc8 23. Qe3 Rc7 24. a5 Nc8 25. h4 Re7 26. Qd4 f4 27. gxf4 a6 28. e3 Bf5 29. Bd5+ Be6 30. Ng4 Bxd5 31. Nh6# 1-0


[Site "https://www.chess.com"]

[Event "Titled Tuesday Blitz November 08 Late 2022"]
[White "Mesa Cruz, Juan Carlos"]
[Black "Grave, Jacob Templen"]
[WhiteFideId "6423400"]
[BlackFideId "1542656"]
[WhiteElo "2059"]
[BlackElo "2126"]
[Result "0-1"]
[Round "03"]
[TimeControl "180+1"]
[Date "2022.11.09"]
[WhiteClock "0:00:03"]
[BlackClock "0:00:05"]

1. e4 d6 2. d4 g6 3. Nc3 Bg7 4. Bc4 Nf6 5. h3 O-O 6. Be3 c6 7. Qd2 b5 8. Bd3 Nbd7 9. Nf3 e5 10. dxe5 Nxe5 11. Nxe5 dxe5 12. O-O Be6 13. Rad1 Qc7 14. Bc5 Rfd8 15. a4 a5 16. axb5 cxb5 17. Qe3 Nd7 18. Be7 Re8 19. Nxb5 Qc6 20. Ba3 Rab8 21. Nd6 Red8 22. Qe2 Bf8 23. Nc4 Bxa3 24. bxa3 Qc5 25. Qe3 Bxc4 26. Qxc5 Nxc5 27. Bxc4 Nxe4 28. Rde1 Nd2 29. Bb3 Nxf1 30. Kxf1 Rb5 31. Re4 Kg7 32. a4 Rc5 33. Ke2 f5 34. Re3 Kf6 35. f3 Rd4 36. g3 h5 37. c3 Rd6 38. Bc2 Rdc6 39. Kd2 g5 40. Bd3 Rxc3 41. Re1 Ra3 42. Bb5 Rd6+ 43. Ke2 f4 44. gxf4 gxf4 45. Rc1 Re3+ 46. Kf2 Rd2+ 47. Kf1 Rxf3+ 48. Ke1 Rh2 49. Rc6+ Kg5 50. Rc8 Kh4 51. Re8 Re3+ 52. Kd1 Rhxh3 53. Bd7 Rd3+ 54. Kc2 Rxd7 55. Rxe5 Rh2+ 56. Kb1 f3 57. Re4+ Kg3 58. Re1 f2 59. Rc1 Rg2 60. Rc3+ Kh2 61. Rc1 Rg1 62. Kb2 Rxc1 63. Ka2 f1=Q 64. Ka3 Qd3+ 65. Kb2 Qc2+ 66. Ka3 Rd3# 0-1


[Site "https://www.chess.com"]

[Event "Titled Tuesday Blitz November 08 Late 2022"]
[White "Mihajlov, Sebastian"]
[Black "Hryzlova, Sofiia"]
[WhiteFideId "1512110"]
[BlackFideId "14174669"]
[WhiteElo "2464"]
[BlackElo "1992"]
[Result "0-1"]
[Round "03"]
[TimeControl "180+1"]
[Date "2022.11.09"]
[WhiteClock "0:01:10"]
[BlackClock "0:01:23"]

1. d4 Nf6 2. c4 g6 3. Nc3 Bg7 4. e4 d6 5. Be2 O-O 6. Be3 Nc6 7. g4 e5 8. g5 exd4 9. gxf6 Bxf6 10. Bh6 dxc3 11. Bxf8 cxb2 12. Rb1 Qxf8 13. Nf3 Bc3+ 14. Kf1 Bh3+ 15. Kg1 Qc8 16. Ng5 Nd4 17. Nxh3 Qxh3 18. Bg4 Qh4 19. Kg2 h5 20. Bf3 Ne6 21. Kf1 Re8 22. h3 Ng5 23. Qd3 Nxe4 24. Bxe4 Qxe4 25. Qxe4 Rxe4 26. Kg2 Rxc4 27. Rhd1 Be5 28. Kf3 a5 29. Ke3 a4 30. a3 b5 31. Rd2 Bf4+ 0-1


[Site "https://www.chess.com"]

[Event "Titled Tuesday Blitz November 08 Late 2022"]
[White "Mikhailov, Viacheslav"]
[Black "Lazavik, Denis"]
[WhiteFideId "4187369"]
[BlackFideId "13515110"]
[WhiteElo "2381"]
[BlackElo "2483"]
[Result "0-1"]
[Round "03"]
[TimeControl "180+1"]
[Date "2022.11.08"]
[WhiteClock "0:00:02"]
[BlackClock "0:01:05"]

1. Nf3 d5 2. g3 g6 3. Bg2 Bg7 4. c4 dxc4 5. O-O e5 6. Na3 Ne7 7. Nxc4 Nbc6 8. d3 O-O 9. a4 a5 10. Bd2 h6 11. Bc3 f6 12. Rc1 Be6 13. Nfd2 Qd7 14. Ne3 Rad8 15. Nb1 f5 16. Na3 Kh7 17. Nb5 b6 18. Qc2 f4 19. Nc4 Bh3 20. Bxh3 Qxh3 21. Nxc7 Rf5 22. f3 fxg3 23. e4 Rg5 24. Ne3 Rxd3 25. Ng4 gxh2+ 26. Qxh2 Rxg4+ 27. fxg4 Qxg4+ 28. Kh1 Rh3 29. Nd5 Qxe4+ 30. Kg1 Rxh2 31. Nf6+ Bxf6 0-1


[Site "https://www.chess.com"]

[Event "Titled Tuesday Blitz November 08 Late 2022"]
[White "Mikhalsky, Vladimir"]
[Black "Dahlgren, James Allen"]
[WhiteFideId "14144352"]
[BlackFideId "22256873"]
[WhiteElo "2271"]
[BlackElo "2195"]
[Result "1-0"]
[Round "03"]
[TimeControl "180+1"]
[Date "2022.11.09"]
[WhiteClock "0:00:08"]
[BlackClock "0:00:06"]

1. d4 e6 2. e4 Nf6 3. Nc3 d5 4. e5 Nfd7 5. f4 c5 6. Nf3 Nc6 7. Be3 c4 8. Qd2 Rb8 9. f5 b5 10. fxe6 fxe6 11. Be2 b4 12. Nd1 Be7 13. Ng5 Nb6 14. O-O Qc7 15. Nf7 Rf8 16. Nd6+ Bxd6 17. exd6 Qxd6 18. Bf4 e5 19. dxe5 Qc5+ 20. Ne3 d4 21. Ng4 Rxf4 22. Qxf4 d3+ 23. Kh1 dxe2 24. Qf7+ Kd8 25. Rfd1+ exd1=Q+ 26. Rxd1+ Nd4 27. c3 Bxg4 28. Rxd4+ Kc8 29. Rxg4 Qxe5 30. h3 Qe1+ 31. Kh2 Qe5+ 32. Rg3 Nd7 33. Qxc4+ Kb7 34. Qxb4+ Ka8 35. Qa4 Nb6 36. Qc6+ Rb7 37. Qf3 Kb8 38. b3 Nc8 39. c4 Re7 40. h4 h6 41. Kh3 g5 42. h5 Qe6+ 43. Qg4 Qxg4+ 44. Kxg4 Nd6 45. Rd3 Re4+ 46. Kf3 Rf4+ 47. Kg3 Kc7 48. Rd5 Ne4+ 49. Kh2 Rf2 50. Ra5 Kb6 51. Ra4 a5 52. c5+ Nxc5 53. Rd4 Rxa2 54. Rd6+ Kb5 55. Rxh6 Nxb3 56. Rg6 a4 57. Rxg5+ Kb4 58. h6 Rc2 59. h7 Rc8 60. Rg8 Rxg8 61. hxg8=Q a3 62. Qf8+ Kc3 63. Qf6+ Kc2 64. Qf5+ Kb2 65. Qe5+ Kb1 66. Qe4+ Kb2 67. Qe2+ Kb1 68. Qd3+ Kb2 69. Qe2+ Kb1 70. Qd1+ Kb2 71. g4 a2 72. g5 a1=Q 73. Qxa1+ Nxa1 74. g6 Kc3 75. g7 Nc2 76. g8=Q Ne3 77. Qc8+ Nc4 78. Qc5 Kd3 79. Kg3 Nd2 80. Qd5+ Ke3 81. Kg2 Ne4 82. Qe5 Kd3 83. Kf3 Nd2+ 84. Kf4 Nc4 85. Qd5+ Kc3 86. Qc5 Kd3 87. Kf5 Ne3+ 88. Ke6 Nc4 89. Qd5+ Kc3 90. Qf3+ Kd4 91. Kf5 Ne3+ 92. Kf4 Nd5+ 93. Kg5 Nc3 94. Qf2+ Kd3 95. Kf5 Nd5 96. Qf3+ Ne3+ 97. Kf4 1-0


[Site "https://www.chess.com"]

[Event "Titled Tuesday Blitz November 08 Late 2022"]
[White "Milosevic, Milos"]
[Black "Dilanyan, Grigor"]
[WhiteFideId "964875"]
[BlackFideId "13303570"]
[WhiteElo "2420"]
[BlackElo "2601"]
[Result "0-1"]
[Round "03"]
[TimeControl "180+1"]
[Date "2022.11.09"]
[WhiteClock "0:00:02"]
[BlackClock "0:00:19"]

1. e4 e5 2. Nc3 Nc6 3. Nf3 Nf6 4. Bb5 Nd4 5. Ba4 Bc5 6. Nxe5 O-O 7. Nd3 Bb6 8. e5 Ne8 9. O-O d6 10. Ne2 Bg4 11. Ndf4 dxe5 12. h3 Nxe2+ 13. Nxe2 Bh5 14. Qe1 Qh4 15. Bb3 Nf6 16. d3 Rae8 17. Be3 e4 18. d4 c6 19. f4 Qxe1 20. Raxe1 Bxe2 21. Rxe2 Nd5 22. Bxd5 cxd5 23. f5 f6 24. c3 Rc8 25. g4 h6 26. Kg2 a5 27. h4 Ba7 28. g5 hxg5 29. hxg5 Kf7 30. g6+ Ke7 31. Bf4 Rh8 32. Ree1 Rh5 33. Bg3 Rg5 34. Re3 Rh8 35. Rh1 Rxh1 36. Kxh1 Rxf5 37. Re2 Rg5 38. Bf2 Rxg6 39. c4 Ke6 40. c5 Bb8 41. Be1 f5 42. a4 f4 0-1


[Site "https://www.chess.com"]